 Dungeon Sprint DCSS version 0.30-a0-177-g1cb5dbfd7a (webtiles) character file.

Game seed: 17294750005731199453

159 rocky1 the Sneak (level 5, -1/37 HPs)
             Began as an Octopode Transmuter on Oct 3, 2022.
             Was a Priest of Vehumet.
             Splashed by a jelly's acid (5 damage)
             ... in the Dungeon (Sprint VII: "The Pits").
             The game lasted 00:02:45 (1091 turns).

rocky1 the Sneak (Octopode Transmuter)              Turns: 1091, Time: 00:02:46

Health: -1/37      AC: -11   Str:  9    XL:     5   Next: 40%
Magic:  9/11       EV: 14    Int: 18    God:    Vehumet [***...]
Gold:   0          SH:  0    Dex: 12    Spells: 2/12 levels left

rFire   . . .      SeeInvis .      - Unarmed
rCold   . . .      Faith    .    (no shield)
rNeg    . . .      Spirit   .    (helmet currently unavailable)
rPois   .          Reflect  .    (no amulet)
rElec   .          Harm     .    (no ring)
rCorr   .          Rampage  .    (no ring)
Will    .....      NoTele   +    (no ring)
Stlth   ++++......               (no ring)
HPRegen 0.26/turn                (no ring)
MPRegen 0.12/turn                (no ring)
                                 (no ring)
                                 (no ring)

@: appendages, corroded
A: tentacle spike 3, almost no armour, amphibious, 8 rings, camouflage 1,
gelatinous body 1, (nimble swimmer 1), tentacles
a: End Transformation, Renounce Religion


You were in the Dungeon.
You worshipped Vehumet.
Vehumet was most pleased with you.
One of your tentacles had grown a beastly spike.
You visited 1 branch

Inventory:

Scrolls
 g - a scroll of blinking
 i - 5 scrolls of amnesia
 j - a scroll of summoning
Potions
 a - a potion of lignification
 b - 6 potions of curing
 c - 5 potions of heal wounds
 d - a potion of haste
 e - 4 potions of magic
 f - 3 potions of berserk rage
 h - 2 potions of invisibility


   Skills:
 + Level 4.2 Fighting
 + Level 4.5 Dodging
 + Level 5.8 Stealth
 * Level 5.5 Unarmed Combat
 + Level 4.1 Spellcasting
 + Level 4.5 Transmutations


You had 2 spell levels left.
You knew the following spells:

 Your Spells              Type           Power      Damage    Failure   Level
a - Beastly Appendage     Tmut           40%        N/A       2%          1
b - Wereblood             Tmut           20%        N/A       3%          2
c - Spider Form           Tmut/Pois      11%        N/A       17%         3
d - Ice Form              Ice/Tmut       11%        N/A       50%         4

Your spell library contained the following spells:

 Spells                   Type           Power      Damage    Failure   Level
 Hailstorm                Conj/Ice       3%         3d3       12%         3


Dungeon Overview and Level Annotations

Branches:
Dungeon (1/1)

Altars:
Ashenzari
Cheibriados
Dithmenos
Elyvilon
Fedhas
Gozag
Hepliaklqana
Kikubaaqudgha
Makhleb
Nemelex Xobeh
Okawaru
Qazlal
Ru
Sif Muna
Trog
Uskayaw
Vehumet
Wu Jian
Xom
Yredelemnul
Zin
The Shining One
Jiyva
Lugonu


Innate Abilities, Weirdness & Mutations

One of your tentacles has grown a beastly spike.
You cannot wear most types of armour.
You are amphibious.
You can wear up to eight rings at the same time.
Your skin changes colour to match your surroundings (Stealth+).
Your rubbery body absorbs attacks. (AC +1, EV +1)
((You are camouflaged when in or above water. (Stealth+)))
You have tentacles for arms and can constrict up to eight enemies at once.


Message History

You barely miss the phantom.
Your tentacle spike misses the phantom.
You squeeze the phantom, but do no damage.
The phantom is moderately damaged.
The phantom closely misses you.
You barely miss the phantom. You squeeze the phantom.
The phantom is heavily damaged.
The phantom hits you!
You tentacle-slap the phantom.
Your tentacle spike misses the phantom.
You squeeze the phantom.
The phantom is severely damaged.
The phantom hits you.
You miss the phantom.
The phantom is severely damaged.
The phantom hits you.
You tentacle-slap the phantom.
The phantom is almost destroyed.
The phantom closely misses you.
You miss the phantom.
Your tentacle spike misses the phantom.
The phantom is severely damaged.
You tentacle-slap the phantom.
Your tentacle spike misses the phantom.
The phantom is almost destroyed.
The phantom completely misses you.
You miss the phantom.
You pierce the phantom.
You destroy the phantom!
Vehumet accepts your kill.
Vehumet is now aiding your destructive spells.
Your Fighting skill increases to level 4!
Your Dodging skill increases to level 4!
Your Stealth skill increases to level 5!
Your Unarmed Combat skill increases to level 5!
Your Spellcasting skill increases to level 4!
Your Transmutations skill increases to level 4!
You have reached level 5!
You feel clever.
You tentacle-slap the jelly. The acid corrodes you!
Your tentacles burn!
The jelly is heavily wounded.
The jelly hits you. The acid corrodes you!
You are splashed with acid!
* * * LOW HITPOINT WARNING * * *
You bludgeon the jelly! The acid corrodes you!
Your tentacles burn!
You die...

#'#####)#####.....
#.#...#.#..##.....
#.#...#.#))#####'#
#.#...'.#))##.....
#.##'####))##.....
#.#..รท..#[[##.....
#.#.....#'###...<.
#.#........##.....
#@#........##.....
#J###########.....
#.. ###### #..#
#... ##.## .. .#


You could see a jelly.

Vanquished Creatures
  A phantom (D)
  A scorpion (D)
  An adder (D)
  An ufetubus (D)
  A worm (D)
  A bat (D)
  A hobgoblin (D)
  A jackal (D)
  A quokka (D)
  2 goblins (D)
11 creatures vanquished.

Notes
Turn   | Place    | Note
-------+----------+-------------------------------------------
     0 | D        | rocky1 the Octopode Transmuter began the quest for the Orb.
     0 | D        | Reached XP level 1. HP: 13/13 MP: 3/3
    50 | D        | Found a bloodstained altar of Trog.
    50 | D        | Found a shimmering blue altar of Sif Muna.
    50 | D        | Found a viscous altar of Jiyva.
    50 | D        | Found a hazy altar of Hepliaklqana.
    50 | D        | Found an opulent altar of Gozag.
    51 | D        | Found a glowing golden altar of the Shining One.
    51 | D        | Found a glowing silver altar of Zin.
    51 | D        | Found a basalt altar of Yredelemnul.
    51 | D        | Found a shimmering altar of Xom.
    51 | D        | Found an ornate altar of the Wu Jian Council.
    51 | D        | Found a sacrificial altar of Ru.
    51 | D        | Found a stormy altar of Qazlal.
    51 | D        | Found an iron altar of Okawaru.
    51 | D        | Found a sparkling altar of Nemelex Xobeh.
    51 | D        | Found a burning altar of Makhleb.
    51 | D        | Found a blossoming altar of Fedhas.
    51 | D        | Found a white marble altar of Elyvilon.
    51 | D        | Found a shadowy altar of Dithmenos.
    51 | D        | Found a snail-covered altar of Cheibriados.
    53 | D        | Found a radiant altar of Vehumet.
    53 | D        | Found a corrupted altar of Lugonu.
    54 | D        | Found a hide-covered altar of Uskayaw.
    54 | D        | Found an ancient bone altar of Kikubaaqudgha.
    54 | D        | Found a broken altar of Ashenzari.
    65 | D        | Became a worshipper of Vehumet
    87 | D        | Reached XP level 2. HP: 13/19 MP: 3/5
   219 | D        | Reached * piety under Vehumet
   219 | D        | Offered knowledge of Sandblast by Vehumet.
   436 | D        | Noticed a scorpion
   692 | D        | Killed a scorpion
   692 | D        | Reached ** piety under Vehumet
   692 | D        | Offered knowledge of Kiss of Death by Vehumet.
   693 | D        | Reached XP level 3. HP: 12/26 MP: 6/8
   693 | D        | Reached XP level 4. HP: 15/31 MP: 6/9
   699 | D        | HP: 1/31 [poisoned by a scorpion]
  1060 | D        | Learned a level 2 spell: Wereblood
  1064 | D        | Learned a level 3 spell: Spider Form
  1069 | D        | Learned a level 4 spell: Ice Form
  1070 | D        | Noticed a phantom
  1074 | D        | Offered knowledge of Hailstorm by Vehumet.
  1089 | D        | Killed a phantom
  1089 | D        | Reached *** piety under Vehumet
  1090 | D        | Reached skill level 5 in Stealth
  1090 | D        | Reached skill level 5 in Unarmed Combat
  1090 | D        | Reached XP level 5. HP: 17/37 MP: 9/11
  1091 | D        | Splashed by a jelly's acid

Illustrated notes

Levels and vault maps discovered:
D:        pitsprint [storerooms_1, entrance_room_1, metal_vault_1, armoury_2,
          mini_pit_1, grid_room_1, main_hall_1, silver_pit, the_coven_2,
          the_vestibule_1, steel_vault_3, golden_pit, hallway_of_sentries,
          crystal_vault_2, iron_vault_1, final_vault]

Skill      XL: |  1  2  3  4 |
---------------+-------------+-----
Stealth        | 2 4 5 |  5.8
Fighting       | 3 4 |  4.2
Dodging        | 3 4 |  4.5
Unarmed Combat | 4 5 |  5.5
Spellcasting   | 3 4 |  4.1
Transmutations | 3 4 |  4.5

Action                   |  1- 3 |  4- 6 || total
-------------------------+-------+-------++-------
Melee: Unarmed           |    25 |    22 ||    47
       Constrict         |     6 |     3 ||     9
       Kick              |     5 |     6 ||    11
       Tentacles         |     2 |     6 ||     8
       Punch             |     1 |       ||     1
 Cast: Beastly Appendage |     5 |     1 ||     6
  Use: Potion            |     1 |       ||     1
 Stab: Sleeping          |     1 |       ||     1
Armor: Skin              |     1 |     1 ||     2
Dodge: Dodged            |    24 |     7 ||    31

Table legend: (Time is in decaauts)
 A = Elapsed time spent in this place.
 B = Non-inter-level travel time spent in this place.
 C = Inter-level travel time spent in this place.
 D = Time resting spent in this place.
 E = Time spent auto-exploring this place.
 F = Levels seen in this place.
 G = Mean time per level.
                   A        B        C        D        E       F      G
               +--------+--------+--------+--------+--------+-----+--------+
         Total |   1087 |   1066 |     21 |    877 |      0 |   1 | 1087.0 |
       Dungeon |   1087 |   1066 |     21 |    877 |      0 |   1 | 1087.0 |
               +--------+--------+--------+--------+--------+-----+--------+

Top non-repeatable levels by time:
       D: 1087 daAuts
